[Event "Titled Tuesday Blitz August 16 Early 2022"]
[White "Nathan, Nitish"]
[Black "Fernandez, Fernando"]
[WhiteFideId "30927870"]
[BlackFideId "3802299"]
[WhiteElo "1813"]
[BlackElo "2292"]
[Result "0-1"]
[Round "01"]
[TimeControl "180+2"]
[Date "2022.08.18"]
[WhiteClock "0:00:00"]
[BlackClock "0:00:00"]

1. d4 d5 2. Bf4 Nf6 3. e3 e6 4. Nd2 Bd6 5. Bg3 O-O 6. c3 c5 7. Ngf3 Qc7 8. Ne5 Nbd7 9. f4 Ne4 10. Bd3 f5 11. Bxe4 fxe4 12. O-O b6 13. Qa4 Nxe5 14. fxe5 Be7 15. Rxf8+ Bxf8 16. Rf1 Qd7 17. Qd1 Ba6 18. Rf2 Be7 19. Qg4 Rf8 20. Rxf8+ Kxf8 21. Bh4 Bxh4 22. Qxh4 h6 23. Nf1 Kg8 24. Qf2 cxd4 25. exd4 Bxf1 26. Qxf1 Qa4 27. Qb1 e3 28. Kf1 Qb5+ 29. Ke1 a5 30. Qg6 Qxb2 31. Qxe6+ Kf8 32. Qd6+ Kf7 33. e6+ Kg8 34. Qd7 Qd2+ 35. Kf1 Qd1# 0-1


[Site "https://www.chess.com"]

[Event "Titled Tuesday Blitz August 16 Early 2022"]
[White "Navalgund, Niranjan"]
[Black "Samunenkov, Ihor"]
[WhiteFideId "5030854"]
[BlackFideId "14187086"]
[WhiteElo "2294"]
[BlackElo "2441"]
[Result "0-1"]
[Round "01"]
[TimeControl "180+2"]
[Date "2022.08.18"]
[WhiteClock "0:00:00"]
[BlackClock "0:00:00"]

1. e4 c5 2. d4 cxd4 3. c3 dxc3 4. Nf3 Nc6 5. Bc4 g6 6. O-O Bg7 7. Nxc3 d6 8. h3 Nf6 9. e5 dxe5 10. Qxd8+ Nxd8 11. Nb5 O-O 12. Nc7 Rb8 13. Nxe5 Ne8 14. Nxf7 Nxf7 15. Ne6 Bxe6 16. Bxe6 Nc7 17. Bb3 0-1


[Site "https://www.chess.com"]

[Event "Titled Tuesday Blitz August 16 Early 2022"]
[White "Nazari, Arad"]
[Black "Rios Escobar, Adan"]
[WhiteFideId "12577324"]
[BlackFideId "3403645"]
[WhiteElo "2129"]
[BlackElo "2276"]
[Result "1-0"]
[Round "01"]
[TimeControl "180+2"]
[Date "2022.08.18"]
[WhiteClock "0:00:00"]
[BlackClock "0:00:00"]

1. e4 c5 2. Nf3 d6 3. Bb5+ Nd7 4. c3 Nf6 5. Qe2 a6 6. Ba4 b5 7. Bc2 e5 8. d4 Be7 9. O-O O-O 10. d5 a5 11. Na3 Ba6 12. Nxb5 c4 13. a4 Nb6 14. Be3 Rc8 15. Na7 Nbd7 16. Nxc8 Qxc8 17. Nd2 Nc5 18. f3 Qc7 19. Qf2 Rb8 20. Bxc5 Rxb2 21. Be3 Rxc2 22. Rfc1 Rxc1+ 23. Rxc1 Bd8 24. Rb1 Nd7 25. Rb2 h6 26. Nb1 Nc5 27. Bxc5 dxc5 28. Na3 Qd7 29. Nb5 Qc8 30. Na7 Qd7 31. Nc6 Bg5 32. Qxc5 Bc1 33. Rb8+ Kh7 34. Qf8 Bb7 35. Qh8+ Kg6 36. Nxe5+ 1-0


[Site "https://www.chess.com"]

[Event "Titled Tuesday Blitz August 16 Early 2022"]
[White "Nevednichy, Vladislav"]
[Black "Martinez Reyes, Pedro Ramon"]
[WhiteFideId "1205730"]
[BlackFideId "3901807"]
[WhiteElo "2373"]
[BlackElo "2327"]
[Result "0-1"]
[Round "01"]
[TimeControl "180+2"]
[Date "2022.08.18"]
[WhiteClock "0:00:00"]
[BlackClock "0:00:00"]

1. d4 d5 2. Nf3 Nf6 3. Bf4 e6 4. e3 Bd6 5. Nbd2 O-O 6. c3 b6 7. Bd3 Ba6 8. Bxa6 Nxa6 9. Qe2 Nb8 10. Bg5 h6 11. Bh4 Nbd7 12. e4 dxe4 13. Nxe4 Be7 14. Ned2 c5 15. O-O Qc7 16. Bg3 Qb7 17. h3 Rac8 18. Rfd1 Rfd8 19. c4 cxd4 20. Nxd4 Nc5 21. Nb5 Nfe4 22. Nxe4 Nxe4 23. Rxd8+ Rxd8 24. Rd1 Rxd1+ 25. Qxd1 Nxg3 26. fxg3 Qe4 27. b3 a6 28. Nc7 Qe5 29. Nxa6 Qxg3 30. b4 Bg5 31. c5 Be3+ 32. Kh1 Bf4 33. Qg1 Qa3 34. b5 bxc5 35. Nxc5 Be3 36. Qb1 Qxc5 37. a4 Qb6 38. Qc2 Bf4 39. Qc8+ Kh7 40. Qc2+ f5 41. Qe2 Bc7 42. Qd3 Qc5 43. g4 Bb6 44. Qf1 Qd5+ 45. Qg2 Qd1+ 46. Kh2 Bc7+ 47. Qg3 Qe2+ 48. Kh1 Bxg3 49. gxf5 Qh2# 0-1


[Site "https://www.chess.com"]

[Event "Titled Tuesday Blitz August 16 Early 2022"]
[White "Novikova, Galina"]
[Black "Bashirli, Nail"]
[WhiteFideId "4157095"]
[BlackFideId "13406809"]
[WhiteElo "1923"]
[BlackElo "2333"]
[Result "0-1"]
[Round "01"]
[TimeControl "180+2"]
[Date "2022.08.18"]
[WhiteClock "0:00:00"]
[BlackClock "0:00:00"]

1. e4 c5 2. Nf3 d6 3. d4 cxd4 4. Nxd4 Nf6 5. Nc3 Nc6 6. h3 h5 7. g3 Bd7 8. Bg2 Rc8 9. O-O Nxd4 10. Qxd4 Bc6 11. Qxa7 e6 12. Qe3 Be7 13. Qe2 Qb6 14. Rb1 Nd7 15. Be3 Qa5 16. a3 g5 17. Qd2 h4 18. b4 Qxa3 19. Rb3 Qa8 20. b5 hxg3 21. fxg3 Ne5 22. bxc6 bxc6 23. Bxg5 Nc4 24. Qf4 Qa7+ 25. Kh2 Bxg5 26. Qxg5 Ne3 27. Rf2 Ng4+ 28. Qxg4 Qxf2 29. Rb7 Qf6 30. e5 Qxe5 31. Ne4 d5 32. Nc5 Rc7 33. Rb8+ Ke7 34. Rxh8 Qxh8 35. Nd3 Qf6 36. Nf4 Rb7 37. Nh5 Qe5 38. Qh4+ Kd6 39. Nf6 Rb1 40. Ne8+ Kc5 41. c3 Qe3 42. Qd4+ Qxd4 43. cxd4+ Kxd4 44. Nd6 c5 45. Nxf7 c4 46. Ng5 c3 47. Nf3+ Ke3 48. Ne5 c2 0-1


[Site "https://www.chess.com"]

[Event "Titled Tuesday Blitz August 16 Early 2022"]
[White "Ohanyan, Emin"]
[Black "Ozates, Tuna"]
[WhiteFideId "13312022"]
[BlackFideId "6354521"]
[WhiteElo "1927"]
[BlackElo "1887"]
[Result "0-1"]
[Round "01"]
[TimeControl "180+1"]
[Date "2022.08.16"]
[WhiteClock "0:00:04"]
[BlackClock "0:00:53"]

1. d4 d5 2. c4 c6 3. Nf3 Nf6 4. Nc3 e6 5. Bg5 Nbd7 6. e3 Qa5 7. Nd2 Bb4 8. Rc1 O-O 9. a3 Be7 10. Bh4 e5 11. cxd5 exd4 12. Nc4 Qd8 13. d6 dxc3 14. dxe7 Qxe7 15. Rxc3 Qe6 16. Qd6 Qg4 17. Qd4 Ne4 18. Bd3 Ndc5 19. Bxe4 Nxe4 20. Nd6 Nxc3 21. bxc3 Qxg2 22. Rf1 Bh3 0-1


[Site "https://www.chess.com"]

[Event "Titled Tuesday Blitz August 16 Early 2022"]
[White "Olivares Olivares, Claudio"]
[Black "Nakamura, Hikaru"]
[WhiteFideId "3400786"]
[BlackFideId "2016192"]
[WhiteElo "2249"]
[BlackElo "2850"]
[Result "0-1"]
[Round "01"]
[TimeControl "180+1"]
[Date "2022.08.16"]
[WhiteClock "0:00:13"]
[BlackClock "0:00:45"]

1. e4 g6 2. d4 Bg7 3. h4 d6 4. h5 Nf6 5. hxg6 hxg6 6. Rxh8+ Bxh8 7. Nc3 c6 8. f3 b5 9. Be3 Nbd7 10. Nh3 b4 11. Ne2 Ba6 12. Ng5 Nb6 13. b3 Nfd7 14. a3 bxa3 15. Rxa3 Bb7 16. Qd2 e5 17. c3 Qe7 18. Qa2 a6 19. Ra5 d5 20. dxe5 Bxe5 21. Qa3 c5 22. Qc1 Rc8 23. f4 Bf6 24. Ng3 d4 25. Bd2 c4 26. bxc4 Nxc4 27. Bxc4 Rxc4 28. Qb1 dxc3 29. Qxb7 cxd2+ 30. Kxd2 Bc3+ 31. Kd3 Bxa5 32. Qa8+ Bd8 33. Kxc4 Nb6+ 0-1


[Site "https://www.chess.com"]

[Event "Titled Tuesday Blitz August 16 Early 2022"]
[White "Omariev, Maksim"]
[Black "Mirzoev, Emil"]
[WhiteFideId "4193423"]
[BlackFideId "14108640"]
[WhiteElo "2304"]
[BlackElo "2438"]
[Result "1-0"]
[Round "01"]
[TimeControl "180+2"]
[Date "2022.08.18"]
[WhiteClock "0:00:00"]
[BlackClock "0:00:00"]

1. g4 d5 2. Bg2 Bxg4 3. c4 dxc4 4. Bxb7 Nd7 5. Bxa8 Qxa8 6. f3 e5 7. Qa4 Be6 8. Na3 Bxa3 9. Qxa3 Ne7 10. b3 cxb3 11. axb3 Nc6 12. h4 Qb7 13. Nh3 f6 14. Nf2 Kf7 15. Kf1 a5 16. Rb1 Rb8 17. Ne4 Nd4 18. d3 Qb5 19. Bd2 a4 20. b4 Nb3 21. Be1 h6 22. Rg1 f5 23. Ng3 Nf6 24. h5 Nd5 25. Qb2 Nd4 26. Kg2 Nf4+ 27. Kh1 Qd5 28. Bf2 Kg8 29. Bxd4 exd4 30. Qd2 Qe5 31. Rbc1 a3 32. Rc5 Qd6 33. Ra5 a2 34. Rxa2 Bxa2 35. Qxa2+ Kh8 36. Nxf5 Qe5 37. Nxg7 Rg8 38. Qf7 Rxg7 39. Rxg7 Qxg7 40. Qxf4 c6 41. Qb8+ Kh7 42. Qf4 Qe7 43. Qe4+ Qxe4 44. fxe4 Kg7 45. Kg2 Kf6 46. Kg3 Kg5 47. e5 Kf5 48. e4+ dxe3 49. d4 Ke4 50. e6 Kd3 51. e7 e2 52. Kf2 Kd2 53. e8=Q 1-0


[Site "https://www.chess.com"]

[Event "Titled Tuesday Blitz August 16 Early 2022"]
[White "Oparin, Grigoriy"]
[Black "Marra, Eduardo da Costa"]
[WhiteFideId "24125890"]
[BlackFideId "2106990"]
[WhiteElo "2639"]
[BlackElo "2250"]
[Result "1-0"]
[Round "01"]
[TimeControl "180+1"]
[Date "2022.08.16"]
[WhiteClock "0:02:30"]
[BlackClock "0:01:52"]

1. e4 c5 2. Nf3 e6 3. d4 cxd4 4. Nxd4 Nf6 5. Nc3 Nc6 6. Be2 Bb4 7. Nxc6 bxc6 8. O-O Bxc3 9. bxc3 Nxe4 10. Qd4 d5 11. Ba3 f6 12. f3 e5 13. Qe3 Nd6 14. Qc5 Ke7 15. Rab1 Be6 16. Rb7+ 1-0


[Site "https://www.chess.com"]

[Event "Titled Tuesday Blitz August 16 Early 2022"]
[White "Pakleza, Zbigniew"]
[Black "Przybylski, Wojciech"]
[WhiteFideId "1119290"]
[BlackFideId "1117599"]
[WhiteElo "2411"]
[BlackElo "2133"]
[Result "1-0"]
[Round "01"]
[TimeControl "180+2"]
[Date "2022.08.18"]
[WhiteClock "0:00:00"]
[BlackClock "0:00:00"]

1. d4 Nf6 2. Nf3 e6 3. Bf4 b6 4. e3 Bb7 5. h3 Be7 6. Nbd2 O-O 7. Bd3 c5 8. c3 d6 9. O-O a6 10. a4 Nc6 11. Qe2 cxd4 12. exd4 Re8 13. Bh2 g6 14. Rfe1 Nd5 15. Nc4 Bf8 16. Bg3 Qc7 17. Qd2 Rad8 18. Bf1 Bg7 19. Qc2 Rd7 20. Qb3 Na5 21. Nxa5 bxa5 22. Nd2 Nb6 23. Qd1 e5 24. Nb3 Nd5 25. Qd2 f5 26. Bh2 e4 27. Nc5 Rdd8 28. Nxb7 Qxb7 29. Rab1 Rf8 30. Qe2 Nc7 31. f3 Rfe8 32. fxe4 fxe4 33. g4 d5 34. Bg2 Ne6 35. Rf1 Rf8 36. Kh1 Bh6 37. b4 axb4 38. Rxb4 Rxf1+ 39. Qxf1 Qc6 40. Qe1 Bf8 41. Rb1 Bd6 42. a5 Bxh2 43. Kxh2 Qc7+ 44. Qg3 Qxa5 45. Rb7 Re8 46. Qe5 Qd8 47. c4 Qg5 48. cxd5 Qxe5+ 49. dxe5 Nf4 50. d6 Rxe5 51. d7 Ne6 52. Rb8+ Kg7 53. Re8 Rd5 54. Rxe6 Rxd7 55. Rxa6 Rd2 56. Kg3 g5 57. Bxe4 Re2 58. Ra7+ Kf6 59. Bf3 Re3 60. Rxh7 Ra3 61. Rh6+ Kg7 62. Rb6 Rc3 63. Rb5 Kh6 64. Rb6+ Kg7 65. Rb2 Ra3 66. Kg2 Rc3 67. Be4 Re3 68. Rb7+ Kf6 69. Bf5 Re2+ 70. Kf3 Ra2 71. Rb6+ Ke5 72. Re6+ Kd5 73. Rg6 Ra3+ 74. Kf2 Rxh3 75. Rxg5 Ke5 76. Rg8 Kf4 77. Ra8 Rh2+ 78. Kg1 Rb2 79. Ra4+ Kg5 80. Ra3 Rd2 81. Rh3 Ra2 82. Rf3 Rb2 83. Rf2 Rb3 84. Kg2 Ra3 85. Rf3 Ra1 86. Kg3 Rg1+ 87. Kh2 Ra1 88. Re3 Rf1 89. Re6 Kf4 90. Kg2 Ra1 91. Re4+ Kg5 92. Re3 Rb1 93. Bxb1 Kh4 94. Rh3+ Kxg4 95. Rf3 Kh4 96. Rf4+ 1-0


[Site "https://www.chess.com"]

[Event "Titled Tuesday Blitz August 16 Early 2022"]
[White "Papayan, Oleg"]
[Black "Beerdsen, Thomas"]
[WhiteFideId "4193911"]
[BlackFideId "1030108"]
[WhiteElo "2038"]
[BlackElo "2567"]
[Result "0-1"]
[Round "01"]
[TimeControl "180+2"]
[Date "2022.08.18"]
[WhiteClock "0:00:00"]
[BlackClock "0:00:00"]

1. e4 e5 2. Nf3 Nc6 3. Bb5 f5 4. d3 fxe4 5. dxe4 Nf6 6. O-O d6 7. Bc4 Na5 8. Bd3 Be7 9. b4 Nc6 10. b5 Nb8 11. Bc4 Bg4 12. h3 Bh5 13. g4 Bg6 14. Ng5 Nxe4 15. Ne6 Qd7 16. Nxg7+ Kd8 17. Ne6+ Kc8 18. Ng7 Nc5 19. Be3 Bf6 20. Bxc5 Qxg7 21. Be6+ Nd7 22. Bxd6 cxd6 23. Qxd6 Qe7 24. Bxd7+ Qxd7 25. Qxf6 Rg8 26. Nc3 h5 27. Rfd1 Qf7 28. Qxe5 Rf8 29. Qc5+ Kb8 30. Nd5 b6 31. Qd6+ Kb7 32. Qc6+ Kb8 33. Nxb6 Qxf2+ 34. Kh1 Qxb6 35. Qg2 hxg4 36. Rf1 Rh8 0-1


[Site "https://www.chess.com"]

[Event "Titled Tuesday Blitz August 16 Early 2022"]
[White "Perez Ponsa, Federico"]
[Black "Zlatin, Alexander"]
[WhiteFideId "117927"]
[BlackFideId "2810549"]
[WhiteElo "2604"]
[BlackElo "2228"]
[Result "0-1"]
[Round "01"]
[TimeControl "180+1"]
[Date "2022.08.16"]
[WhiteClock "0:00:04"]
[BlackClock "0:00:07"]

1. d4 d5 2. c4 e6 3. Nc3 c5 4. cxd5 cxd4 5. Qa4+ Bd7 6. Qxd4 exd5 7. Qxd5 Nf6 8. Qd1 Nc6 9. Nf3 Bc5 10. e3 O-O 11. Be2 Qe7 12. O-O Rfd8 13. Qc2 Rac8 14. a3 Ne5 15. Nd4 Bd6 16. Nf5 Bxf5 17. Qxf5 g6 18. Qh3 h5 19. e4 Neg4 20. Bg5 Bxh2+ 21. Kh1 Be5 22. Nd5 Qe6 23. f3 Bxb2 24. Rab1 Nxd5 25. Rxb2 Qe5 26. Rxb7 Qxg5 27. fxg4 hxg4 28. Bxg4 Nf4 29. Rxf4 Rc1+ 30. Kh2 Qxf4+ 31. Qg3 Rh1+ 32. Kxh1 Qxg3 0-1


[Site "https://www.chess.com"]

[Event "Titled Tuesday Blitz August 16 Early 2022"]
[White "Petre, Nad-Titus"]
[Black "Goldin, Roman"]
[WhiteFideId "1204165"]
[BlackFideId "2803860"]
[WhiteElo "2354"]
[BlackElo "2312"]
[Result "0-1"]
[Round "01"]
[TimeControl "180+2"]
[Date "2022.08.18"]
[WhiteClock "0:00:00"]
[BlackClock "0:00:00"]

1. e4 Nc6 2. d4 e5 3. Nf3 exd4 4. Nxd4 g6 5. Be3 Bg7 6. Be2 Nf6 7. Nc3 O-O 8. O-O d5 9. exd5 Nxd5 10. Nxd5 Nxd4 11. Bxd4 Qxd5 12. Bxg7 Qxd1 13. Raxd1 Kxg7 14. Bf3 c6 15. c4 Be6 16. b3 Rfd8 17. g3 a5 18. Kg2 Kf6 19. Rfe1 Rxd1 20. Rxd1 a4 21. Rd3 Bf5 22. Re3 a3 23. Be4 Re8 24. Kf3 Bxe4+ 25. Rxe4 Rd8 26. Ke2 h5 27. Re3 Rd4 28. Rd3 Ke5 29. f4+ Ke4 30. Re3+ Kf5 31. Re5+ Kg4 32. Re7 Kh3 33. Rxf7 Kxh2 34. Rg7 Rd6 35. Rxb7 Kxg3 36. b4 h4 37. b5 cxb5 38. cxb5 h3 39. Kf1 h2 40. Rh7 Rd1+ 41. Ke2 h1=Q 0-1


[Site "https://www.chess.com"]

[Event "Titled Tuesday Blitz August 16 Early 2022"]
[White "Petrova, Irina"]
[Black "Turayev, Shahruh"]
[WhiteFideId "14124122"]
[BlackFideId "14003856"]
[WhiteElo "2021"]
[BlackElo "2217"]
[Result "0-1"]
[Round "01"]
[TimeControl "180+2"]
[Date "2022.08.18"]
[WhiteClock "0:00:00"]
[BlackClock "0:00:00"]

1. e4 e6 2. d4 d5 3. Nc3 Bb4 4. Ne2 dxe4 5. a3 Bxc3+ 6. Nxc3 Nc6 7. Bb5 Ne7 8. Bg5 f6 9. Be3 O-O 10. Qd2 f5 11. f3 Nd5 12. fxe4 Nxe3 13. Qxe3 f4 14. Qf2 Qxd4 15. Bxc6 Qxf2+ 16. Kxf2 bxc6 17. e5 Ba6 18. Rhe1 Rad8 19. Rad1 g5 20. Rxd8 Rxd8 21. Rd1 Rxd1 22. Nxd1 Kg7 23. Kf3 Kg6 24. Ke4 Bf1 25. g4 Bg2+ 26. Kd4 h5 27. gxh5+ Kxh5 28. Nf2 g4 29. Nd3 Kg5 30. b4 Bf1 31. Nf2 g3 32. hxg3 fxg3 33. Ne4+ Kf4 34. Nxg3 Kxg3 35. Kc5 Bg2 36. c4 Kf4 37. a4 Kxe5 38. b5 cxb5 39. Kxb5 Bb7 40. Kc5 Ke4 0-1


[Site "https://www.chess.com"]

[Event "Titled Tuesday Blitz August 16 Early 2022"]
[White "Petrovic, Aleksa"]
[Black "Wagner, Dennis"]
[WhiteFideId "967629"]
[BlackFideId "24650684"]
[WhiteElo "2262"]
[BlackElo "2355"]
[Result "1/2-1/2"]
[Round "01"]
[TimeControl "180+2"]
[Date "2022.08.18"]
[WhiteClock "0:00:00"]
[BlackClock "0:00:00"]

1. d4 Nf6 2. c4 e6 3. Nf3 b6 4. g3 Ba6 5. Qa4 Bb7 6. Bg2 c5 7. dxc5 Bxc5 8. O-O O-O 9. Nc3 a6 10. Rd1 Be7 11. Bf4 d6 12. Qb3 Qc7 13. Rac1 Nbd7 14. Na4 Bc6 15. Nc3 Nc5 16. Qc2 Rac8 17. b4 Ncd7 18. Rd2 Nh5 19. Nd5 Bxd5 20. cxd5 Qb7 21. Qd1 Rxc1 22. Qxc1 Nxf4 23. gxf4 Rc8 24. Rc2 Rxc2 25. Qxc2 exd5 26. Nd4 g6 27. Nc6 Nf6 28. a4 Bf8 29. b5 axb5 30. axb5 Qa8 31. Bf3 Qa1+ 32. Kg2 Kg7 33. Qd3 Qa2 34. Nb4 Qc4 35. Nxd5 Qxd3 36. exd3 Nxd5 37. Bxd5 f5 38. Kf3 Kf6 39. h3 h6 40. Bg8 g5 41. fxg5+ hxg5 42. Bd5 Ke5 43. Bc6 Bh6 44. Bd7 Kf6 45. Bc8 d5 46. Bd7 Ke5 47. Bc8 Bf8 48. Bd7 Bc5 49. Bc8 f4 50. Bd7 Bd4 51. Ke2 Kd6 52. Be8 Kc5 53. f3 Be3 54. Bc6 Kd4 55. Be8 Bc1 56. Bc6 Ba3 57. Be8 Be7 58. Bc6 Bd6 59. Be8 Kc3 60. Bc6 d4 61. Be8 Be5 62. Bc6 Kb4 63. Be8 Kc5 64. Bc6 Kd6 65. Kd1 Bf6 66. Ke2 Be7 67. Kd1 Ke5 68. Ke2 Kf6 69. Kd1 Kg6 70. Ke2 Kh5 71. Bd7 Kh4 72. Bg4 Kg3 73. Bf5 Bb4 74. Bg4 Bc3 75. Bf5 Kg2 76. Bg4 Kg1 77. Bf5 Kg2 78. Bg4 Kg3 79. Bf5 Ba5 80. Bg4 Kh4 81. Bf5 Kh5 82. Bg4+ Kg6 83. Kd1 Kf6 84. Ke2 Ke5 85. Bd7 Kd6 86. Bc6 Ke7 87. Kd1 Ke6 88. Ke2 Kd6 89. Kd1 Kc5 90. Ke2 Kb4 91. Be8 Kc3 92. Bc6 Bb4 93. Be8 Be7 94. Bc6 Kc2 95. Be8 Kb3 96. Bc6 Kb4 97. Be8 Kc5 98. Bc6 Kd6 99. Be8 Bf6 100. Bc6 Ke7 101. Kd1 Be5 102. Ke2 Bd6 103. Kd1 1/2-1/2


[Site "https://www.chess.com"]

[Event "Titled Tuesday Blitz August 16 Early 2022"]
[White "Pinheiro, Iung Alicio de O."]
[Black "Daianu, Cristian-Clement"]
[WhiteFideId "2104350"]
[BlackFideId "1208926"]
[WhiteElo "2283"]
[BlackElo "2127"]
[Result "1-0"]
[Round "01"]
[TimeControl "180+2"]
[Date "2022.08.18"]
[WhiteClock "0:00:00"]
[BlackClock "0:00:00"]

1. e4 c5 2. Nf3 d6 3. d4 cxd4 4. Nxd4 Nf6 5. Nc3 a6 6. Qd3 e6 7. Be2 b5 8. Bf3 Nbd7 9. Nc6 Qc7 10. e5 dxe5 11. Na5 Rb8 12. Nb3 Nc5 13. Nxc5 Bxc5 14. O-O Bb7 15. Bg5 Be7 16. Rfe1 b4 17. Ne4 Nxe4 18. Bxe7 Nxf2 19. Qd6 Rc8 20. Qxc7 Rxc7 21. Bd6 Rxc2 22. Bxb7 Nd3 23. Red1 Nxb2 24. Rdc1 Rxc1+ 25. Rxc1 Kd7 26. Bxe5 1-0


[Site "https://www.chess.com"]

[Event "Titled Tuesday Blitz August 16 Early 2022"]
[White "Popilski, Gil"]
[Black "Acosta Cruz, Oscar Yosimar"]
[WhiteFideId "2809060"]
[BlackFideId "5111269"]
[WhiteElo "2537"]
[BlackElo "2147"]
[Result "1-0"]
[Round "01"]
[TimeControl "180+2"]
[Date "2022.08.18"]
[WhiteClock "0:00:00"]
[BlackClock "0:00:00"]

1. f4 b6 2. e4 Bb7 3. Nc3 e6 4. Nf3 c5 5. g3 Nc6 6. Bg2 d6 7. O-O Nf6 8. d4 cxd4 9. Nxd4 Be7 10. e5 Nxd4 11. exf6 Bxg2 12. fxe7 Qc7 13. Kxg2 Nf5 14. g4 Nxe7 15. f5 O-O 16. f6 Ng6 17. Ne4 d5 18. fxg7 Kxg7 19. Nf6 Rac8 20. c3 e5 21. Nh5+ Kg8 22. Qxd5 Rcd8 23. Qe4 Qe7 24. Bh6 Qh4 25. Rf2 Nf4+ 26. Bxf4 exf4 27. Qxf4 Rd3 28. Rg1 f5 29. Kh1 1-0


[Site "https://www.chess.com"]

[Event "Titled Tuesday Blitz August 16 Early 2022"]
[White "Proudian, Armen"]
[Black "Nugumanov, Bakhtiyar"]
[WhiteFideId "2130734"]
[BlackFideId "13701797"]
[WhiteElo "2380"]
[BlackElo "2287"]
[Result "1-0"]
[Round "01"]
[TimeControl "180+2"]
[Date "2022.08.18"]
[WhiteClock "0:00:00"]
[BlackClock "0:00:00"]

1. e4 d6 2. d4 Nf6 3. Nc3 g6 4. Be3 a6 5. f3 b5 6. Qd2 Nbd7 7. h4 h5 8. Nh3 Nb6 9. Ng5 Bb7 10. a4 b4 11. Na2 a5 12. b3 Bg7 13. Nc1 Nfd7 14. Nd3 Rc8 15. Nb2 c5 16. Nc4 O-O 17. Nxa5 Ba8 18. Nc4 d5 19. Nxb6 Nxb6 20. e5 Qc7 21. a5 Nd7 22. e6 cxd4 23. Bf4 Ne5 24. exf7+ Kh8 25. Ne6 Qd6 26. Nxg7 Kxg7 27. Qxd4 Kh7 28. Bxe5 Qe6 29. Bd3 Rxf7 30. O-O Rcf8 31. Rae1 Qd7 32. a6 Qc6 33. a7 e6 34. Bb8 Qd7 35. Qe5 Qb7 36. Qxh5+ Kg8 37. Bxg6 Rg7 38. Rxe6 Qe7 39. Rxe7 Rxe7 40. Qg5 Rg7 41. h5 Kh8 42. f4 Rf5 43. Qxf5 d4 44. Qf8+ Rg8 45. Qh6# 1-0


[Site "https://www.chess.com"]

[Event "Titled Tuesday Blitz August 16 Early 2022"]
[White "Puranik, Abhimanyu"]
[Black "Lamaze, Simon"]
[WhiteFideId "5061245"]
[BlackFideId "36069264"]
[WhiteElo "2520"]
[BlackElo "2131"]
[Result "1-0"]
[Round "01"]
[TimeControl "180+1"]
[Date "2022.08.16"]
[WhiteClock "0:00:47"]
[BlackClock "0:00:18"]

1. d4 Nf6 2. Nc3 d5 3. Bf4 a6 4. e3 b5 5. Nf3 e6 6. Be2 c5 7. O-O Nc6 8. Ne5 Bb7 9. Qd2 Be7 10. dxc5 Bxc5 11. Nxc6 Bxc6 12. Bf3 O-O 13. a4 b4 14. Ne2 Bd6 15. Bg5 Be7 16. Nd4 Bb7 17. Bxf6 gxf6 18. Rad1 f5 19. Kh1 Kh8 20. g3 Rc8 21. Ne2 a5 22. Nf4 Bf6 23. Rb1 Qe7 24. Rfd1 Rc5 25. c3 bxc3 26. bxc3 Rxc3 27. Nh5 Be5 28. Bg2 Kg8 29. Rb6 Bc6 30. Rc1 Rxc1+ 31. Qxc1 Bxa4 32. f4 Bh8 33. h3 Bd7 34. Qc7 a4 35. Rb7 a3 36. Ra7 d4 37. e4 fxe4 38. Bxe4 a2 39. Rxa2 Qe8 40. Ra7 Bb5 41. Qd6 Qb8 42. Qc5 h6 43. Rb7 Qa8 44. Qxb5 Qa1+ 45. Qb1 Qc3 46. Bh7# 1-0


[Site "https://www.chess.com"]

[Event "Titled Tuesday Blitz August 16 Early 2022"]
[White "Rangel, Daniel"]
[Black "Krsnik Cohar, Ivan Vihor"]
[WhiteFideId "2124475"]
[BlackFideId "14520044"]
[WhiteElo "2225"]
[BlackElo "2414"]
[Result "0-1"]
[Round "01"]
[TimeControl "180+2"]
[Date "2022.08.18"]
[WhiteClock "0:00:00"]
[BlackClock "0:00:00"]

1. c4 Nf6 2. g3 e6 3. Bg2 d5 4. Nf3 c5 5. O-O Nc6 6. cxd5 exd5 7. d4 Be6 8. Nc3 h6 9. b3 Be7 10. dxc5 Bxc5 11. Na4 Be7 12. Bb2 O-O 13. Rc1 Rc8 14. Nc5 Qb6 15. Nxe6 fxe6 16. Ne5 Nxe5 17. Bxe5 Ng4 18. Qd4 Rxc1 19. Rxc1 Nxe5 20. Qxe5 Rxf2 21. Kh1 Bf6 22. Qh5 Qe3 23. Rf1 Rxf1+ 24. Bxf1 Bd4 25. Qe8+ Kh7 26. Kg2 Qg1+ 27. Kh3 Qxf1+ 28. Kg4 Qf5+ 29. Kh4 Bf6# 0-1


[Site "https://www.chess.com"]

[Event "Titled Tuesday Blitz August 16 Early 2022"]
[White "Ronka, Erik"]
[Black "Quispe Santacruz, Javier"]
[WhiteFideId "505080"]
[BlackFideId "3800920"]
[WhiteElo "2264"]
[BlackElo "1929"]
[Result "1-0"]
[Round "01"]
[TimeControl "180+2"]
[Date "2022.08.18"]
[WhiteClock "0:00:00"]
[BlackClock "0:00:00"]

1. e4 e5 2. Nf3 Nc6 3. Nc3 Nf6 4. d4 exd4 5. Nxd4 Bb4 6. Nxc6 bxc6 7. Bd3 O-O 8. O-O Re8 9. Bg5 h6 10. Bh4 Be7 11. Kh1 Rb8 12. b3 d6 13. Bg3 Bg4 14. Qd2 Nh5 15. Bf4 Nxf4 16. Qxf4 Be6 17. Ne2 Bf6 18. Rad1 Be5 19. Qe3 Rf8 20. f4 Bf6 21. e5 Be7 22. f5 Bd5 23. f6 gxf6 24. Qxh6 1-0


[Site "https://www.chess.com"]

[Event "Titled Tuesday Blitz August 16 Early 2022"]
[White "Rosenberg, Evan S"]
[Black "Sorkin, Igor"]
[WhiteFideId "2019299"]
[BlackFideId "2803283"]
[WhiteElo "1999"]
[BlackElo "2401"]
[Result "1/2-1/2"]
[Round "01"]
[TimeControl "180+2"]
[Date "2022.08.18"]
[WhiteClock "0:00:00"]
[BlackClock "0:00:00"]

1. e4 c5 2. Nc3 e6 3. Nge2 a6 4. g3 b5 5. Bg2 Bb7 6. O-O d6 7. Re1 Be7 8. d3 Nf6 9. e5 Nd5 10. Nxd5 exd5 11. exd6 Qxd6 12. d4 O-O 13. dxc5 Qxc5 14. Nd4 Bf6 15. c3 Nc6 16. Be3 Nxd4 17. Bxd4 Bxd4 18. cxd4 Qd6 19. a3 Rac8 20. Rc1 Rc4 21. Bf1 Rd8 22. Qd2 Qf6 23. Re5 h6 24. b3 Rxc1 25. Qxc1 Rc8 26. Qe3 g6 27. Re7 Bc6 28. Bh3 Rd8 29. Re5 Kg7 30. Bg2 1/2-1/2


[Site "https://www.chess.com"]

[Event "Titled Tuesday Blitz August 16 Early 2022"]
[White "Rostomyan, Mikayel"]
[Black "Winkels, Marcel"]
[WhiteFideId "13313754"]
[BlackFideId "1003887"]
[WhiteElo "1426"]
[BlackElo "1900"]
[Result "1-0"]
[Round "01"]
[TimeControl "180+2"]
[Date "2022.08.18"]
[WhiteClock "0:00:00"]
[BlackClock "0:00:00"]

1. Nf3 Nf6 2. e3 d5 3. c4 g6 4. cxd5 Nxd5 5. d4 Bg7 6. Nc3 Nxc3 7. bxc3 c5 8. Be2 O-O 9. O-O Nc6 10. Rb1 b6 11. Bb2 Qc7 12. d5 Ne5 13. c4 Bf5 14. Bxe5 Bxe5 15. Bd3 Bxd3 16. Qxd3 Bg7 17. e4 Rad8 18. Rfe1 e6 19. Rbd1 Rfe8 20. d6 Qd7 21. e5 Rc8 22. Nd2 Red8 23. f4 Qa4 24. Qb3 Qxb3 25. axb3 Rd7 26. Ne4 Rc6 27. Ra1 a5 28. Ra2 Kf8 29. g4 Ke8 30. g5 Kd8 31. h4 Rb7 32. Nc3 Kd7 33. Nb5 Rc8 34. Kg2 h6 35. Rh1 Rh8 36. gxh6 Bxh6 37. Kf3 Bg7 38. h5 Rbb8 39. Rah2 gxh5 40. Rxh5 Rxh5 41. Rxh5 Rh8 42. Rxh8 Bxh8 43. Nc3 Bg7 44. Ne4 Bh6 45. Nf6+ Kc6 46. Ke4 Bg7 47. Nh5 Bh8 48. f5 Kd7 49. f6 Kc6 50. Nf4 Kd7 51. Nh3 Kc6 52. Ng5 Kd7 53. Nxf7 Bxf6 54. exf6 Ke8 55. Ne5 b5 56. f7+ Kf8 57. d7 Ke7 58. f8=Q+ Kxf8 59. d8=Q+ 1-0


[Site "https://www.chess.com"]